AoeStats
← Jim_Raynor

Nomad

509979937Analyzed
3v3 RM · 4d ago on Sep 28, 2026· 40m 46s· 6 players
Game mode
Random Map
Map size
210×210
Population
200
Speed
Normal
Resources
Standard
Victory
Conquest
Starting age
Dark Age
Ending age
Imperial Age
RankedLock teamsTeams togetherTeam positionsShared explorationLock speedFull tech treeHidden civsTurbo modeCheats
Victory
Defeat
🇨🇳 Persians · China
1329
+12
🇦🇷 Turks · Argentina
1253
+15
🇨🇱 Koreans · Chile
1220
+16
🇲🇦 Vikings · Morocco
1348
-19
🇲🇦 Mongols · Morocco
1244
-15
🇲🇦 Saxons · Morocco
1086
-9
Moul_3asirLimoune
3:44 Loom
11:59 Feudal Age
15:51 Double-Bit Axe
22:51 Castle Age
21:34 Stone Mining
22:33 Horse Collar
24:37 Wheelbarrow
24:15 Bow Saw
27:31 Fletching
33:17 Imperial Age
34:10 Onager
37:32 Hand Cart
38:10 Heavy Camel Rider
camel-number11
6:22 Loom
14:21 Feudal Age
15:21 Double-Bit Axe
21:03 Castle Age
18:44 Horse Collar
20:16 Gold Mining
25:28 Town Watch
26:19 Wheelbarrow
25:57 Heavy Plow
26:09 Bow Saw
26:44 Thumb Ring
26:51 Fletching
27:01 Padded Archer Armor
27:12 Padded Archer Armor
28:46 Bodkin Arrow
30:50 Hand Cart
33:46 Forging
33:37 Scale Mail Armor
33:53 Leather Archer Armor
38:10 Imperial Age
36:58 Ballistics
36:33 Murder Holes
38:15 Iron Casting
37:56 Chain Mail Armor
38:33 Arson
38:12 Pikeman
39:11 Bracer
39:41 Ring Archer Armor
38:47 Cranequins
40:04 Halberdier
40:47 Squires
DaYF1786
8:12 Loom
14:42 Feudal Age
20:53 Castle Age
19:44 Double-Bit Axe
19:53 Stone Mining
21:29 Forging
21:19 Scale Mail Armor
21:10 Horse Collar
23:56 Bow Saw
35:34 Imperial Age
34:27 Iron Casting
34:08 Chain Mail Armor
34:14 Heavy Plow
37:17 Conscription
小明
5:10 Loom
13:33 Feudal Age
18:54 Castle Age
19:53 Double-Bit Axe
20:42 Bloodlines
20:34 Husbandry
21:43 Medium Warships
21:57 Bow Saw
23:55 Fishing Lines
24:38 Gillnets
25:57 Wheelbarrow
25:08 Town Watch
25:57 Horse Collar
26:18 Gold Mining
26:48 Fletching
29:24 Gold Shaft Mining
30:11 Ballistics
29:50 Bodkin Arrow
29:56 Padded Archer Armor
30:12 Forging
32:38 Iron Casting
32:11 Scale Barding Armor
35:20 Imperial Age
34:02 Stone Mining
34:38 Chain Barding Armor
34:48 Hand Cart
35:13 Town Patrol
35:00 Cavalier
37:01 Blast Furnace
36:47 Conscription
37:10 Plate Barding Armor
37:24 Stone Shaft Mining
36:42 Savar
[CDM] Lam
6:07 Loom
13:16 Feudal Age
20:50 Castle Age
19:30 Fletching
19:37 Double-Bit Axe
20:12 Horse Collar
22:20 Crossbowman
25:57 Wheelbarrow
29:12 Bodkin Arrow
31:10 Hand Cart
36:11 Ballistics
38:48 Imperial Age
37:59 Gold Mining
39:05 Heavy Plow
40:56 Gold Shaft Mining
41:04 Bracer
Jim_Raynor
3:01 Loom
13:37 Feudal Age
18:58 Castle Age
17:20 Double-Bit Axe
17:21 Horse Collar
20:51 Town Watch
22:28 Wheelbarrow
22:36 Bow Saw
24:33 Stone Mining
28:02 Fletching
28:13 Husbandry
30:00 Bodkin Arrow
30:44 Padded Archer Armor
31:43 Leather Archer Armor
32:37 Ballistics
33:10 Fishing Lines
33:55 Bloodlines
34:37 Hand Cart
35:58 Thumb Ring
39:07 Imperial Age
37:39 Sipahi
37:48 Heavy Plow
37:51 Gold Mining
39:06 Scale Barding Armor
39:14 Forging
39:04 Gillnets
39:22 Heavy Cavalry Archer
40:32 Parthian Tactics
40:15 Squires
39:39 Heavy Camel Rider
41:08 Bombard Tower
40:29 Treadmill Crane
Connection lost

Rejoining the realm…

Still unreachable

The connection could not be restored.

Session expired

The server has moved on; the page needs a fresh start.